 Dungeon Crawl Stone Soup version 0.20-a0-949-g916514f (webtiles) character file.

16 AlphabetPasta the Charmwright (level 2, -1/24 (25) HPs)
             Began as a Ghoul Skald on Apr 3, 2017.
             Killed from afar by a dart slug (7 damage)
             ... with a slug dart
             ... on level 1 of the Dungeon.
             The game lasted 00:01:01 (151 turns).

AlphabetPasta the Charmwright (Ghoul Skald)          Turns: 151, Time: 00:01:01

HP:   -1/24 (25)    AC:  3    Str: 14    XL:     2   Next: 58%
MP:   4/4           EV: 11    Int:  8    God:
Gold: 27            SH:  0    Dex:  8    Spells: 2/5 levels left

rFire    . . .     SeeInvis .   a - +0 hand axe
rCold    + . .     Gourm    .   (no shield)
rNeg     + + +     Faith    .   b - +0 leather armour
rPois    ∞         Spirit   .   (no helmet)
rElec    .         Reflect  .   (no cloak)
rCorr    .         Harm     .   (no gloves)
MR       .....                  (no boots)
Stlth    +.........             (no amulet)
Regen    0.0/turn               (no ring)
MPRegen  0.1/turn               (no ring)

@: rotting
A: rotting body, claws 1, carnivore 3, cold resistance 1, negative energy
resistance 3, inhibited regeneration, torment resistance, unbreathing
a: no special abilities


You were on level 1 of the Dungeon.
You were not hungry.

You visited 1 branch of the dungeon, and saw 1 of its levels.

You collected 27 gold pieces.

Inventory:

Hand Weapons
 a - a +0 hand axe (weapon)
Armour
 b - a +0 leather armour (worn)
Scrolls
 e - a scroll of remove curse {unknown}
 f - a scroll of random uselessness {unknown}
Books
 c - a book of Battle

   Spells                             Type                      Level
   a - Infusion                       Charms                       1
   b - Shroud of Golubria             Charms/Translocation         2
   c - Song of Slaying                Charms                       2
   d - Spectral Weapon                Hexes/Charms                 3
   e - Regeneration                   Charms/Necromancy            3
Comestibles
 d - a meat ration


   Skills:
 + Level 2.5 Fighting
 * Level 1.9 Axes
 + Level 0.8 Armour
 + Level 1.9 Dodging
 + Level 2.1 Spellcasting
 + Level 2.8 Charms


You had 2 spell levels left.
You knew the following spells:

 Your Spells              Type           Power        Failure   Level  Hunger
a - Infusion              Chrm           #...         17%         1    ##.....
b - Song of Slaying       Chrm           #.......     24%         2    ###....


Dungeon Overview and Level Annotations

Branches:
Dungeon (1/15)

Altars:


Innate Abilities, Weirdness & Mutations

Your body is rotting away.
You thrive on raw meat.
You are immune to poison.
You have sharp fingernails.
You are carnivorous and can eat meat at any time.
Your flesh is cold resistant. (rC+)
You are immune to negative energy. (rN+++)
You do not regenerate when monsters are visible.
You are immune to unholy pain and torment.
You can survive without breathing.


Message History

The bat barely misses you. The bat hits you but does no damage.
You slash the bat!
You kill the bat!
The dart slug launches a dart at you. The slug dart hits you!
You see here a bat corpse.
The dart slug bites you.
* * * LOW HITPOINT WARNING * * *
You barely miss the dart slug. The dart slug barely misses you.
You hit the dart slug.
The dart slug is moderately wounded.
You hit the dart slug.
The dart slug is severely wounded.
The dart slug bites you.
* * * LOW HITPOINT WARNING * * *
You hit the dart slug.
The dart slug is almost dead.
The dart slug launches a dart at you. The slug dart hits you!
You die...

.##.#####.#.'.........###........
....#####.###..####.## ###.####.
............#.#.# #.# #.###.#
..........###.##.#.# ##.#.#
.###(#..### #.# #.# ##.# # #.#..#
#.##.#.# ##.#.# #.#..#####.#.#
#.# #.###.# #.#......#..####.###
###.####. #.#......'..†@w....#
#..<.....
#........##.####.##.#.##.####.
#..####.####.# #. #.# #.. #.# #.#
#. #.# .... #.# #.# #. #.# ###.#
#.# #... ... #.. #.. ..# ... +#
#+# ##.


You could see a dart slug.

Vanquished Creatures
  2 oozes (D:1)
  A leopard gecko (D:1)
  A hobgoblin (D:1)
  2 bats (D:1)
  A frilled lizard (D:1)
  A kobold (D:1)
8 creatures vanquished.

Notes
Turn   | Place    | Note
-------+----------+-------------------------------------------
     0 | D:1      | AlphabetPasta the Ghoul Skald began the quest for the Orb.
     0 | D:1      | Reached XP level 1. HP: 17/17 MP: 2/2
    49 | D:1      | Reached XP level 2. HP: 16/25 MP: 0/4
    57 | D:1      | Learned a level 2 spell: Song of Slaying
   151 | D:1      | Killed from afar by a dart slug

Vault maps used:
D:1:      roderic_octagonal_star

Skill      XL: |  1 |
---------------+----+-----
Spellcasting   | 2 |  2.1
Fighting       | |  2.5
Axes           | |  1.9
Armour         | |  0.8
Dodging        | |  1.9
Charms         | |  2.8

Action                   || total
-------------------------++-------
Melee: Hand axe          ||    33
 Cast: Infusion          ||     3
Armor: Leather armour    ||     8
Dodge: Dodged            ||    23
